 Dungeon Crawl Stone Soup version 0.29-a0-816-g82769f0e0c (webtiles) character file.

Game seed: 3930702561787384325

32 Colgate the Sneak (level 3, -7/23 HPs)
             Began as a Kobold Brigand on July 5, 2022.
             Mangled by a gnoll
             ... wielding a +0 club
              (8 damage)
             ... on level 2 of the Dungeon.
             The game lasted 00:01:47 (1299 turns).

Colgate the Sneak (Kobold Brigand)                  Turns: 1299, Time: 00:01:47

Health: -7/23      AC:  3    Str:  8    XL:     3   Next: 42%
Magic:  3/3        EV: 14    Int: 12    God:
Gold:   20         SH:  0    Dex: 18    Spells: 2/2 levels left

rFire   . . .      SeeInvis +   a - +2 dagger
rCold   . . .      Faith    .   (no shield)
rNeg    . . .      Spirit   .   b - +0 robe
rPois   .          Reflect  .   (no helmet)
rElec   .          Harm     .   c - +0 cloak
rCorr   .          Rampage  .   (no gloves)
Will    .....                   (no boots)
Stlth   ++++......              (no amulet)
HPRegen 0.07/turn               g - ring of see invisible
MPRegen 0.08/turn               (no ring)

@: no status effects
A: small, no large weapons, nightstalker 3
a: no special abilities


You were on level 2 of the Dungeon.
You visited 1 branch of the dungeon, and saw 2 of its levels.

You collected 20 gold pieces.

Inventory:

Hand Weapons
 a - a +2 dagger (weapon)
Missiles
 d - 9 poisoned darts (quivered)
 e - 3 curare-tipped darts
Armour
 b - a +0 robe (worn)
 c - a +0 cloak (worn)
Jewellery
 g - a ring of see invisible (left hand)
Scrolls
 f - 2 scrolls of magic mapping {unknown}
 h - a scroll of identify {unknown}
Potions
 i - a potion of heal wounds {unknown}
 j - a potion of curing {unknown}


   Skills:
 + Level 3.1 Fighting
 - Level 4.0 Short Blades
 - Level 2.1 Throwing
 - Level 1.2 Dodging
 - Level 5.3 Stealth


You had 2 spell levels left.
You didn't know any spells.
Your spell library was empty.

Dungeon Overview and Level Annotations

Branches:
Dungeon (2/15)

Altars:

Shops:
D:2 !


Innate Abilities, Weirdness & Mutations

You are small and have problems with some larger weapons.
You are completely attuned to the shadows.


Message History

A gnoll is nearby!
A gnoll is nearby!
A hobgoblin and 2 gnolls come into view.
The gnoll shouts! x2; You hear a shout!
The gnoll closely misses you.
There are monsters nearby!
You hit the gnoll. The gnoll barely misses you. The hobgoblin misses you.
A gnoll comes into view. It is wielding a +0 halberd.
There are monsters nearby!
You hit the hobgoblin. You hit the hobgoblin. The hobgoblin closely misses you.
The hobgoblin attacks as you move away!
The hobgoblin hits you but does no damage.
You barely miss the hobgoblin. The hobgoblin misses you.
You hit the hobgoblin.
You kill the hobgoblin!
You swing at nothing.
You hit the gnoll. You hit the gnoll. The gnoll barely misses you.
You hit the gnoll but do no damage. The gnoll hits you with a +0 club.
You hit the gnoll but do no damage. The gnoll hits you with a +0 club.
The gnoll completely misses you.
You closely miss the gnoll. The gnoll barely misses you.
The gnoll closely misses you.
You completely miss the gnoll. You closely miss the gnoll.
The gnoll closely misses you. x2
You hit the gnoll. The gnoll closely misses you.
The gnoll hits you from afar with a +0 halberd!
You hit the gnoll but do no damage. The gnoll closely misses you.
The gnoll misses you.
You closely miss the gnoll. The gnoll misses you.
The gnoll hits you from afar with a +0 halberd!
* * * LOW HITPOINT WARNING * * *
You barely miss the gnoll.
The gnoll shouts!
You hit the gnoll.
You hear a shout!
The gnoll barely misses you. x2
You completely miss the gnoll. The gnoll hits you with a +0 club!
You die...

... ....# #..
#...# #.#
.#...###.###
...........#
###...##.#.#
.######.g...##†#
......#g##.###g#
......#@##>..gg..#
........######...#
...#...#.# #...#
....#.#.... ....#
.....∩...###
#..#.#...
#.#...#..
####........
#....+......


You could see 2 gnolls.

Vanquished Creatures
  An adder (D:2)
  A dart slug (D:1)
  2 ball pythons
  2 bats (D:1)
  4 endoplasms
  A goblin (D:1)
  A hobgoblin (D:2)
  3 quokkas (D:1)
  2 frilled lizards (D:1)
  2 rats (D:1)
19 creatures vanquished.

Notes
Turn   | Place    | Note
-------+----------+-------------------------------------------
     0 | D:1      | Colgate the Kobold Brigand began the quest for the Orb.
     0 | D:1      | Reached XP level 1. HP: 12/12 MP: 1/1
   155 | D:1      | Reached XP level 2. HP: 17/17 MP: 2/2
   988 | D:2      | Reached XP level 3. HP: 10/23 MP: 3/3
  1248 | D:2      | Found Nuos's Distillery.
  1296 | D:2      | HP: 1/23 [gnoll/+0 halberd (8)]
  1299 | D:2      | Mangled by a gnoll

Illustrated notes

Levels and vault maps discovered:
D:1:      ebering_trefoil_twist, layout_basic
D:2:      layout_basic, serial_shops, nicolae_shop_advertising_works
          [nicolae_subvault_shop_adworks], shapermc_ecumenical_altar_venn

Skill      XL: |  1  2 |
---------------+-------+-----
Short Blades   | 3 4 |  4.0
Fighting       | 3 |  3.1
Throwing       | |  2.1
Dodging        | |  1.2
Stealth        | |  5.3

Action                   || total
-------------------------++-------
Melee: Dagger            ||    53
 Stab: Sleeping          ||    10
       Distracted        ||     1
Armor: Robe              ||     5
Dodge: Dodged            ||    25

Table legend: (Time is in decaauts)
 A = Elapsed time spent in this place.
 B = Non-inter-level travel time spent in this place.
 C = Inter-level travel time spent in this place.
 D = Time resting spent in this place.
 E = Time spent auto-exploring this place.
 F = Levels seen in this place.
 G = Mean time per level.
                   A        B        C        D        E       F      G
               +--------+--------+--------+--------+--------+-----+--------+
         Total |   1288 |   1266 |     22 |      0 |   1140 |   2 |  644.0 |
       Dungeon |   1288 |   1266 |     22 |      0 |   1140 |   2 |  644.0 |
               +--------+--------+--------+--------+--------+-----+--------+

Top non-repeatable levels by time:
     D:1: 935 daAuts
     D:2: 352 daAuts
